 Dungeon Crawl Stone Soup version 0.17-a0-1667-g4ca74a1 (webtiles) character file.

371 wvc the Cudgeler (level 6, -4/51 HPs)
             Began as a Draconian Wanderer on Aug 17, 2015.
             Slain by an ogre
             ... wielding a +0 giant club
              (24 damage)
             ... on level 4 of the Dungeon.
             The game lasted 00:06:58 (3477 turns).

wvc the Cudgeler (Draconian Wanderer)               Turns: 3477, Time: 00:06:58

Health: -4/51      AC:  7    Str: 17    XL:     6   Next: 42%
Magic:  6/6        EV: 10    Int: 11    God:
Gold:   149        SH:  8    Dex: 13    Spells: 0 memorised, 5 levels left

rFire  . . .     SeeInvis .     a - +3 mace
rCold  . . .     Clarity  .     (armour unavailable)
rNeg   . . .     SustAt   .     s - +0 shield
rPois  .         Gourm    .     (helmet restricted)
rElec  .         Spirit   .     j - +0 cloak
rCorr  .         Warding  .     (no gloves)
rMut   .         Stasis   .     (no boots)
MR     .....                    (no amulet)
Stlth  +++.......               (no ring)
                                i - ring of stealth

@: not resistant to hostile enchantments, fairly stealthy
A: unfitting armour, antennae 1, stinger 1, agile 1, cold-blooded, AC +6
a: no special abilities


You were on level 4 of the Dungeon.
You were not hungry.

You visited 1 branch of the dungeon, and saw 4 of its levels.
You also visited: Sewer.

You collected 149 gold pieces.

Inventory:

Hand weapons
 a - a +3 mace (weapon)
Armour
 j - a +0 cloak (worn)
 s - a +0 shield (worn)
Jewellery
 i - a ring of stealth (left hand)
 k - an uncursed amulet of stasis
Magical devices
 n - a wand of digging (11)
Scrolls
 c - a scroll of fog
 g - 2 scrolls of remove curse
Potions
 b - 5 potions of curing
 e - a potion of agility {unknown}
 f - 3 potions of flight
 h - 3 potions of might {unknown}
 o - a potion of haste {unknown}
 p - a potion of cancellation {unknown}
 q - a potion of brilliance {unknown}
 r - a potion of resistance {unknown}
Comestibles
 d - 2 bread rations
 l - 3 meat rations
 m - 4 chunks of flesh


   Skills:
 - Level 3.2 Fighting
 * Level 6.0 Maces & Flails
 - Level 1.0 Throwing
 - Level 3.4 Dodging
 - Level 1.7 Stealth
 + Level 1.0 Shields


You had 5 spell levels left.
You didn't know any spells.

Dungeon Overview and Level Annotations

Branches:
Dungeon (4/15)
 Temple: D:4-7

Altars:
Gozag
Makhleb
Trog
Zin
The Shining One


Innate Abilities, Weirdness & Mutations

Your plain brown scales are hard (AC +6).
Your body does not fit into most forms of armour.
You are cold-blooded and may be slowed by cold attacks.
You have a pair of small antennae on your head.
Your tail ends in a poisonous barb.
You are agile. (Dex +2)


Message History

The ogre barely misses you.
You barely miss the ogre. You block the ogre's attack.
You hit the ogre.
The ogre is lightly wounded.
You hit the ogre.
Your tail-slap misses the ogre.
The ogre is moderately wounded.
The ogre hits you with a giant club!
You hit the ogre.
The ogre is moderately wounded.
You block the ogre's attack.
You closely miss the ogre.
The ogre is moderately wounded.
The ogre closely misses you.
You thump the ogre!
The ogre is severely wounded.
The ogre hits you with a giant club!
You closely miss the ogre.
The ogre is severely wounded.
The ogre hits you with a giant club!!
You die...

....... .# .....# #.#
....# #.# #...# #.# .#
# #...# #.# .# .# #...#
#.#### .##.#.
.####.O.###.##.##......
..%....@.........[.....
.....................##
.........##<...........
.........##.##.........
#.........#.##.###.####
..........#.##<# #
.#######....#### #.#..#
#..#


You could see an ogre.

Vanquished Creatures
  Grinder (D:3)
  A crimson imp (D:3)
  4 adders
  A river rat (D:3)
  An ooze (D:3)
  2 worms (D:3)
  4 giant geckos
  4 orcs (D:3)
  4 ball pythons
  4 bats
  5 giant cockroaches
  A goblin (D:1)
  6 hobgoblins
  13 jackals
  14 kobolds
  2 quokkas (D:2)
  2 giant newts
  9 rats
  A plant (Sewer)
79 creatures vanquished.

Notes
Turn   | Place    | Note
--------------------------------------------------------------
     0 | D:1      | wvc the Draconian Wanderer began the quest for the Orb.
     0 | D:1      | wvc set off with: a +2 mace, 2 potions of curing, a +0 dagger, a bread ration
     0 | D:1      | Reached XP level 1. HP: 19/19 MP: 1/1
   367 | D:1      | Reached XP level 2. HP: 17/26 MP: 2/2
  1136 | D:2      | Found a glowing golden altar of the Shining One.
  1179 | D:2      | Reached skill level 1 in Dodging
  1180 | D:2      | Reached XP level 3. HP: 31/31 MP: 3/3
  1195 | D:2      | Reached skill level 4 in Maces & Flails
  1791 | D:3      | Found a bloodstained altar of Trog.
  2002 | D:3      | Reached XP level 4. HP: 18/38 MP: 4/4
  2019 | D:3      | Gained mutation: You have a pair of small antennae on your head. [potion of mutation]
  2019 | D:3      | Gained mutation: You are agile. (Dex +2) [potion of mutation]
  2019 | D:3      | Gained mutation: Your tail ends in a poisonous barb. [potion of mutation]
  2232 | D:3      | Found a glowing drain.
  2297 | Sewer    | Entered a sewer
  3150 | D:3      | Found an opulent altar of Gozag.
  3154 | D:3      | Found a glowing silver altar of Zin.
  3246 | D:3      | Noticed Grinder
  3261 | D:3      | Killed Grinder
  3261 | D:3      | Reached skill level 5 in Maces & Flails
  3261 | D:3      | Reached XP level 5. HP: 10/45 MP: 5/5
  3261 | D:3      | Reached XP level 6. HP: 11/51 MP: 6/6
  3437 | D:3      | Found a burning altar of Makhleb.
  3447 | D:3      | Reached skill level 6 in Maces & Flails
  3477 | D:4      | Slain by an ogre

Vault maps used:
D:1:      mrwooster_arrival_statue_2
D:2:      tso_metal_star
D:3:      grunt_temple_overflow_open, makhleb_grotto_becter,
          portal_sewer_entry_b, first_bread, uniq_grinder
Sewer:    sewer_co_scattered_pipes

Action                   |  1- 3 |  4- 6 || total
-------------------------+-------+-------++-------
Melee: Mace              |   141 |   128 ||   269
  Use: Scroll            |     7 |     2 ||     9
       Potion            |       |     1 ||     1
 Stab: Sleeping          |     7 |     6 ||    13
       Distracted        |     1 |       ||     1
  Eat: Chunk             |     4 |       ||     4
       Royal jelly       |       |     3 ||     3
